AoeStats
← Green Assassin

Black Forest

507376436Analyzed
4v4 RM · 13d ago on Sep 17, 2026· 48m 25s· 8 players
Game mode
Random Map
Map size
Large (8 player)
Population
200
Speed
Normal
Resources
Standard
Victory
Conquest
Starting age
Dark Age
Ending age
Imperial Age
RankedLock teamsTeams togetherTeam positionsShared explorationLock speedFull tech treeHidden civsTurbo modeCheats
Victory
Defeat
🇫🇷 Malians · France
1214
+14
🇺🇸 Turks · United States
1195
+15
🇲🇦 Malay · Morocco
1180
+15
🇩🇪 Cumans · Germany
1158
+16
🇦🇷 Sicilians · Argentina
1226
-17
🇧🇷 Britons · Brazil
1182
-16
🇵🇪 Cumans · Peru
1132
-14
🇦🇷 Ethiopians · Argentina
1124
-13
Dylan-23
1:04 Loom
10:30 Feudal Age
16:16 Forging
18:09 Fletching
25:09 Castle Age
30:21 Iron Casting
29:51 Scale Barding Armor
31:16 Wheelbarrow
31:01 Bloodlines
30:43 Double-Bit Axe
30:40 Horse Collar
31:07 Gold Mining
33:29 Town Watch
34:05 Heavy Plow
34:17 Bow Saw
35:47 Chain Barding Armor
37:31 Gold Shaft Mining
36:48 Stone Mining
40:47 Imperial Age
39:41 Hand Cart
39:26 Town Patrol
41:19 Elite Steppe Lancer
41:43 Capped Ram
42:57 Siege Ram
NoCry
7:40 Loom
10:22 Feudal Age
11:35 Fishing Lines
17:51 Castle Age
18:56 Double-Bit Axe
19:02 Gold Mining
18:56 Horse Collar
20:34 Bow Saw
21:09 Gillnets
26:26 Wheelbarrow
29:48 Imperial Age
29:37 Hand Cart
29:08 Town Watch
30:03 Gold Shaft Mining
30:21 Stone Mining
30:06 Onager
30:46 Capped Ram
32:51 Siege Ram
35:27 Heavy Scorpion
40:12 Siege Onager
41:30 Conscription
41:21 Hauberk
43:26 Caravan
43:37 Town Patrol
45:52 Husbandry
46:04 Bloodlines
45:16 Cavalier
46:10 Forging
46:06 Scale Barding Armor
The Goat
0:31 Loom
11:31 Feudal Age
16:55 Castle Age
19:10 Double-Bit Axe
20:59 Bow Saw
23:55 Imperial Age
25:40 Chemistry
27:01 Fishing Lines
Lord Housedrick
10:49 Feudal Age
11:45 Double-Bit Axe
12:03 Loom
16:59 Castle Age
15:20 Fishing Lines
18:33 Bow Saw
18:55 Stone Mining
20:07 Wheelbarrow
19:17 Town Watch
20:56 Gillnets
21:12 Gold Mining
22:36 Hand Cart
25:36 Fletching
25:47 Padded Archer Armor
27:22 Ballistics
27:13 Masonry
27:00 Bodkin Arrow
31:56 Imperial Age
31:10 Leather Archer Armor
32:28 Onager
33:19 Bracer
37:10 Chemistry
36:44 Architecture
36:46 Elite Longbowman
37:53 Yeomen
38:54 Warwolf
40:57 Conscription
41:57 Ring Archer Armor
42:21 Caravan
45:33 Hoardings
47:12 Murder Holes
DeepBlue_
1:56 Loom
10:58 Feudal Age
12:11 Fletching
27:14 Castle Age
27:30 Gold Mining
27:26 Double-Bit Axe
27:22 Horse Collar
29:33 Wheelbarrow
33:26 Bow Saw
34:03 Bodkin Arrow
34:17 Town Watch
38:00 Imperial Age
36:22 Gold Shaft Mining
36:47 Hand Cart
38:47 Squires
39:03 Forging
40:51 Iron Casting
44:12 Cavalier
44:15 Elite Battle Elephant
46:06 Scale Barding Armor
47:02 Blast Furnace
45:59 Stone Mining
Green Assassin
0:27 Loom
10:34 Feudal Age
12:25 Wheelbarrow
12:41 Double-Bit Axe
12:38 Horse Collar
19:48 Fishing Lines
22:44 Castle Age
20:46 Gold Mining
22:21 Scale Barding Armor
22:27 Forging
22:33 Bloodlines
28:21 Imperial Age
27:47 Chain Barding Armor
28:22 Iron Casting
28:46 Elite Steppe Lancer
30:34 Caravan
31:43 Blast Furnace
32:26 Stone Mining
33:58 Plate Barding Armor
33:43 Cavalier
36:54 Conscription
36:39 Steppe Husbandry
37:28 Bow Saw
41:11 Onager
42:56 Chemistry
42:17 Ballistics
41:52 Fletching
42:02 Padded Archer Armor
42:15 Cuman Mercenaries
43:59 Coinage
43:54 Siege Onager
44:52 Light Cavalry
Rpt
2:44 Loom
14:26 Feudal Age
18:37 Castle Age
17:10 Double-Bit Axe
17:21 Stone Mining
19:39 Wheelbarrow
20:59 Town Watch
22:08 Forging
21:59 Scale Mail Armor
21:41 Horse Collar
21:45 Fishing Lines
22:25 Bow Saw
23:25 Heavy Plow
29:24 Iron Casting
29:05 Chain Mail Armor
31:28 Gold Mining
34:36 Fletching
35:13 Bodkin Arrow
37:54 Imperial Age
40:22 Plate Mail Armor
41:15 Crop Rotation
41:26 Gold Shaft Mining
41:28 Stone Shaft Mining
41:03 Scale Barding Armor
42:14 Bloodlines
42:05 Husbandry
41:26 Cavalier
42:31 Hand Cart
42:19 Town Patrol
43:13 Chain Barding Armor
45:25 Plate Barding Armor
44:53 Farimba
45:44 Conscription
Dragón-Malo
2:20 Loom
11:18 Feudal Age
15:05 Castle Age
13:33 Gold Mining
14:25 Double-Bit Axe
19:33 Padded Archer Armor
33:44 Wheelbarrow
33:20 Bow Saw
32:50 Horse Collar
34:26 Leather Archer Armor
38:20 Imperial Age
37:06 Hand Cart
39:12 Heavy Plow
39:51 Artillery
43:24 Scale Barding Armor
44:50 Chain Barding Armor
44:41 Forging
46:37 Plate Barding Armor
47:52 Iron Casting
Connection lost

Rejoining the realm…

Still unreachable

The connection could not be restored.

Session expired

The server has moved on; the page needs a fresh start.